woodfighter, chaotic female orcish Cavewoman ----- --------- |<).--- ------.......-- |.....---|.......u@--..| --..|....|.---------|..| ---|....... ---- ----.|.. woodfighter the Young Cave Woman Experience level: 6 Strength: 17 Dexterity: 12 Constitution: 18 Intelligence: 9 Wisdom: 11 Charisma: 10 Health: 0(57) Energy: 13(13) Def: 2 Gold: 0 Moves: 2742 Dungeon seed: whtizJYlyMApH2wv Game ID: woodfighter_1475429481 Your Inventory: Weapons a - a +1 club (weapon in hand) b - a +2 sling (alternate weapon; not wielded) w - 2 +0 dwarvish spears Armor q - an uncursed +0 leather armor (being worn) Comestibles c - an uncursed tin of jackal meat d - 2 uncursed tins of newt meat h - 2 uncursed cloves of garlic B - an uncursed candy bar Tools s - an uncursed bag of holding t - an uncursed skeleton key R - 2 blessed tallow candles (0:200) S - an uncursed magic lamp Gems e - 12 uncursed flints (in quiver) Contents of the bag of holding: 180 gold pieces a [uncursed] [+0] dwarvish cloak a [blessed] [+0] dwarvish cloak a [uncursed] [+0] dwarvish cloak a [uncursed] [+0] dwarvish cloak a [uncursed] [+0] dwarvish cloak a [uncursed] [+0] dwarvish cloak a [uncursed] [+0] dwarvish cloak a [uncursed] [+0] dwarvish iron helm a [cursed] [-1] orcish helm a [uncursed] [+0] pair of iron shoes a [uncursed] [+0] pair of iron shoes a [cursed] [+0] pair of iron shoes a [cursed] [-3] pair of iron shoes a [uncursed] [+0] pair of iron shoes a [uncursed] [+0] pair of iron shoes 2 [uncursed] scrolls of create monster 2 [uncursed] scrolls of destroy armor a [blessed] scroll of enchant armor 2 [uncursed] scrolls of identify a [cursed] scroll of identify a [uncursed] scroll of remove curse a [uncursed] scroll of scare monster a [uncursed] spellbook of create monster a [cursed] potion of gain energy a [uncursed] potion of gain energy a [uncursed] potion of paralysis a [uncursed] potion of restore ability a [uncursed] potion of speed 3 [uncursed] potions of water a [uncursed] ring of teleport control a [uncursed] [+0] pick-axe a [uncursed] sack 3 [uncursed] tallow candles [0:200] Spells and supernatural/magical abilities: Name Level Category Fail Memory W - pray for help -- divine ? -- Your skills at the end: Miscellaneous Skills bare handed combat [Basic] Weapon Skills scimitar [Basic] club [Basic] sling [Basic] Spellcasting Skills Final Attributes: You were piously aligned. You were poison resistant. You had infravision. You were somewhat stealthy. You are dead. Vanquished creatures: a large dog a giant beetle 2 gnome kings a wood nymph a pony 5 gnome lords 2 gnomish wizards a red naga hatchling 7 dwarves a kobold lord a kobold shaman an iguana a centipede a jitterbug a monkey 2 orc zombies a dwarf zombie a hobbit a hobgoblin 23 gnomes 8 manes a jackal a kobold 3 newts a goblin 8 grid bugs 2 bats 2 lichens 81 creatures vanquished. Voluntary challenges: You did not adorn yourself with jewelry or accessories. You did not cause conflict. You were not invisible. You did not have reflection. You were not displaced. You used a wielded weapon 134 times, starting on turn 81. You did not apply a unicorn horn. You did not use plumbed fixtures. You did not drink any magical draughts. You were illiterate. You never genocided any monsters. You never polymorphed an object. You never changed form. You used no wishes. You never split a pudding. You never wrote Elbereth's name. You never violated your personal moral code. Dungeon overview: The Dungeons of Doom: levels 1 to 3 Level 1 a long staircase Level 2 a general store stairs to The Gnomish Mines Level 3 a fountain The Gnomish Mines: levels 3 to 6 Level 3 stairs to The Dungeons of Doom Level 4 Level 5 Level 6 <- You were here History has recorded: On T:1 you entered the Dungeons of Doom to retrieve the Amulet of Yendor! On T:35 you reached level 2 of The Dungeons of Doom. On T:373 you reached level 3 of The Dungeons of Doom. On T:399 you reached level 1 of The Gnomish Mines. On T:493 you advanced to experience level 2. On T:675 you advanced to experience level 3. On T:691 you prayed to Anshar. On T:695 you advanced to experience level 4. On T:759 you reached level 2 of The Gnomish Mines. On T:940 you advanced to experience level 5. On T:1328 you reached level 3 of The Gnomish Mines. On T:1332 you advanced to experience level 6. On T:2239 you reached level 4 of The Gnomish Mines. Score breakdown: Gold: 180 ( 18 points) Experience: 6 levels ( 500 points) Exploration: 6 levels ( 150 points) Discoveries: 22 items ( 1100 points) Variety of kills: 28 monsters ( 1400 points) Major goal: (nothing yet) ( 0 points) Survival: died (score multiplied by 3) Total score: 9504 Latest messages: The gnome lord thrusts one of his daggers at the cavewoman. The gnome lord stabs you! You kill the gnome lord! There are a few objects here. This gnome lord corpse tastes terrible! You finish eating the gnome lord corpse. You stop exploring. You are beginning to feel hungry. You stop exploring. (4x) The white unicorn butts! The white unicorn kicks! The white unicorn butts! The white unicorn kicks! You hit the white unicorn. The white unicorn butts! The white unicorn kicks! The white unicorn butts! The white unicorn kicks! You hit the white unicorn! The white unicorn butts! The white unicorn kicks! The white unicorn butts! The white unicorn kicks! You die... The sack is empty. The sack is empty. Final status: Goodbye woodfighter the Cavewoman, killed by a white unicorn... You died in The Gnomish Mines on dungeon level 6 with 9504 points, and 180 pieces of gold, after 2742 moves. You were level 6 with a maximum of 57 hit points when you died.